AoeStats
← [CL] Libertaria

African Clearing

511169300Analyzed
4v4 RM · 13d ago on Oct 4, 2026· 31m 4s· 8 players
Game mode
Random Map
Map size
Large (8 player)
Population
200
Speed
Normal
Resources
Standard
Victory
Conquest
Starting age
Dark Age
Ending age
Imperial Age
RankedLock teamsTeams togetherTeam positionsShared explorationLock speedFull tech treeHidden civsTurbo modeCheats
Victory
Defeat
🇵🇹 Vietnamese · Portugal
1534
+13
🇧🇷 Mongols · Brazil
1496
+14
🇲🇽 Maya · Mexico
1492
+14
🇨🇱 Huns · Chile
1474
+15
vs
🇨🇱 Wei · Chile
1569
-19
🇨🇱 Danes · Chile
1563
-18
🇨🇱 Vietnamese · Chile
1389
-11
🇨🇱 Franks · Chile
1306
-8
[CL] Libertaria
8:19 Loom
14:16 Feudal Age
15:56 Double-Bit Axe
19:59 Castle Age
18:52 Fishing Lines
24:03 Fletching
25:00 Bow Saw
30:13 Padded Archer Armor
Darthseveros
11:52 Loom
14:15 Feudal Age
14:44 Town Watch
Jhasper con manos
11:52 Feudal Age
11:07 Loom
12:20 Double-Bit Axe
14:34 Horse Collar
22:48 Castle Age
21:47 Bloodlines
24:20 Bow Saw
24:13 Stone Mining
27:01 Wheelbarrow
26:50 Heavy Plow
31:03 Fletching
31:13 Padded Archer Armor
[CL] Dubstepyzed
8:33 Loom
11:07 Feudal Age
11:12 Man-at-Arms
12:48 Arson
16:23 Scale Mail Armor
17:07 Double-Bit Axe
18:00 Fletching
18:20 Town Watch
19:36 Wheelbarrow
21:27 Horse Collar
28:00 Castle Age
27:48 Gold Mining
28:47 Bodkin Arrow
29:37 Guard Tower
30:33 Masonry
30:46 Bow Saw
HUGO
4:39 Loom
13:10 Feudal Age
17:16 Castle Age
15:42 Double-Bit Axe
16:30 Fletching
18:42 Bodkin Arrow
28:35 Padded Archer Armor
letmebelieve
3:01 Loom
12:59 Feudal Age
17:59 Fletching
23:36 Castle Age
24:08 Double-Bit Axe
25:08 Bodkin Arrow
NaaVyii_
11:28 Loom
13:28 Feudal Age
18:16 Castle Age
16:20 Double-Bit Axe
17:51 Gold Mining
18:28 Crossbowman
19:55 Fletching
22:13 Bodkin Arrow
Santoryu
9:02 Loom
11:51 Feudal Age
13:19 Double-Bit Axe
21:00 Fletching
25:49 Castle Age
25:52 Crossbowman
26:43 Bodkin Arrow
28:21 Ballistics
Connection lost

Rejoining the realm…

Still unreachable

The connection could not be restored.

Session expired

The server has moved on; the page needs a fresh start.